 Dungeon Crawl Stone Soup version 0.30.0-30-g96aa6591b8 (webtiles) character file.

Game seed: 17475735851482910794

73 Ayven the Chopper (level 4, -2/40 HPs)
             Began as a Hill Orc Fighter on June 27, 2023.
             Splashed by a jelly's acid (4 damage)
             ... on level 3 of the Dungeon.
             The game lasted 00:08:22 (1872 turns).

Ayven the Chopper (Hill Orc Fighter)                Turns: 1872, Time: 00:08:22

Health: -2/40      AC:  5    Str: 20    XL:     4   Next: 27%
Magic:  4/4        EV:  5    Int:  8    God:
Gold:   33         SH: 11    Dex: 10    Spells: 3/3 levels left

rFire   + . .        a - +0 war axe (protect)
rCold   . . .        v - +0 tower shield
rNeg    . . .        m - +1 chain mail of the Loofah {rF+ Will+ Stlth+}
rPois   .            (no helmet)
rElec   .            (no cloak)
rCorr   .            (no gloves)
SInv    .            (no boots)
Will    +....        (no amulet) Stlth
                     (no ring)
HPRegen 0.26/turn    (no ring)
MPRegen 0.09/turn

%: no passive effects
@: corroded, under a protective aura
A: no striking features
a: no special abilities


You were on level 3 of the Dungeon.
You visited 1 branch of the dungeon, and saw 3 of its levels.

You collected 33 gold pieces.

Inventory:

Hand Weapons
 a - a +0 war axe of protection (weapon)
Missiles
 l - a throwing net
Armour
 b - a +0 scale mail
 c - a +0 buckler
 m - the +1 chain mail of the Loofah (worn) {rF+ Will+ Stlth+}
   (You acquired it on level 3 of the Dungeon)

   rF:        It protects you from fire.
   Will:      It increases your willpower.
   Stlth:     It makes you more stealthy.
 v - a +0 tower shield (worn)
Magical Staves
 t - a staff of fire
Scrolls
 e - 3 scrolls of amnesia
 f - a scroll of identify {unknown}
 r - a scroll of noise {unknown}
 s - a scroll of immolation {unknown}
 u - a scroll of fog {unknown}
Potions
 d - a potion of might
 g - a potion of invisibility {unknown}
 h - a potion of lignification {unknown}
 i - 2 potions of degeneration {unknown}
 j - 2 potions of ambrosia {unknown}
 k - 2 potions of mutation {unknown}
 q - 3 potions of cancellation {unknown}


   Skills:
 + Level 4.1 Fighting
 + Level 4.3 Axes
 + Level 4.0 Armour
 + Level 3.5 Shields


You had 3 spell levels left.
You didn't know any spells.
Your spell library was empty.

Dungeon Overview and Level Annotations

Branches:
Dungeon (3/15)

Altars:


Message History

You completely miss the orc.
The orc priest casts a cantrip, but nothing happens.
You block the orc's attack. The orc barely misses you.
You barely miss the orc. The orc barely misses you.
You slash the orc!
Your weapon exudes an aura of protection.
You kill the orc!
The orc priest miscasts a cantrip.
You hit the orc priest.
The orc priest is lightly wounded.
The orc priest barely misses you.
You hit the orc priest.
The orc priest is heavily wounded.
The orc priest hits you but does no damage.
You block the orc priest's attack.
You hit the orc priest but do no damage.
The orc priest is heavily wounded.
You block the orc priest's attack. x2
You slash the orc priest!
You kill the orc priest!
Your Armour skill increases to level 4!
You have reached level 4!
You slash the jelly! The acid corrodes you!
Your hands burn!
* * * LOW HITPOINT WARNING * * *
The jelly is lightly wounded.
You block the jelly's attack. The jelly barely misses you.
You hit the jelly.
Your hands burn!
* * * LOW HITPOINT WARNING * * *
The jelly is moderately wounded.
You block the jelly's attack.
You slash the jelly! The acid corrodes you!
Your hands burn!
* * * LOW HITPOINT WARNING * * *
The jelly is heavily wounded.
You block the jelly's attack. The jelly hits you but does no damage.
You hit the jelly. The acid corrodes you!
Your hands burn!
* * * LOW HITPOINT WARNING * * *
The jelly is heavily wounded.
The jelly hits you but does no damage.
You hit the jelly but do no damage.
Your hands burn!
You die...

*
*,,.......+..⌠..##'##.....##+#
*
*,........##...##...##...##,,,
*
**######.(###.##.....##.##,,,,
** ##.* #'#...<...#+#,,,>, ,*
*,*##.##.....##,**,,,, ,**
*,##...##...##,,,**,,, ,,*****
*,+..⌠..##+##,,,,,**+* *,,,,,*
*,##.).##,,,**,,,**,,,
*****,***
*,,##@##,,,,,**,**,,,,
*,,,*****,,#J#,,,,,,,+++,,,*,
***,,,,,**,..#*,,,,,**,**,,,,
*****,**....**,,,**,,,**,,,
*,,..###,**,**,,,,,**+*
**##.,,,,,,,,**,,,***,*
##****,,,,,**,** *,*
*,,,,,,,*,****,*
*,,,,,,,,,,,,,,*


You could see a jelly.

Vanquished Creatures
  An orc priest (D:3)
  An adder (D:2)
  A dart slug (D:2)
  2 orcs (D:3)
  4 endoplasms (D:2)
  A giant cockroach (D:1)
  4 goblins
  3 hobgoblins
  7 kobolds
  A quokka (D:1)
  2 ball pythons
  3 frilled lizards
  A rat (D:2)
31 creatures vanquished.

Notes
Turn   | Place    | Note
-------+----------+-------------------------------------------
     0 | D:1      | Ayven the Hill Orc Fighter began the quest for the Orb.
     0 | D:1      | Reached XP level 1. HP: 19/19 MP: 1/1
   176 | D:1      | Reached XP level 2. HP: 23/27 MP: 2/2
  1299 | D:2      | Reached XP level 3. HP: 33/33 MP: 3/3
  1322 | D:2      | Found a faded altar of an unknown god.
  1717 | D:3      | Identified a scroll of acquirement
  1717 | D:3      | Acquired the +1 chain mail of the Loofah {rF+ Will+ Stlth+}
  1868 | D:3      | Reached XP level 4. HP: 13/40 MP: 4/4
  1870 | D:3      | HP: 2/40 [acid (5)]
  1872 | D:3      | Splashed by a jelly's acid

Illustrated notes

Levels and vault maps discovered:
D:1:      heliophobic_arrival_ceremonial_halls, layout_basic,
          kennysheep_pointless_box
D:2:      layout_basic, shapermc_ecumenical_altar_totnotflames, feat_on_display
D:3:      minmay_roachtagon, layout_rooms, nicolae_hexahallways,
          serial_park_tiny_pond, hangedman_decor_push

Skill      XL: |  1  2  3 |
---------------+----------+-----
Axes           | 3 4 |  4.3
Fighting       | 4 |  4.1
Armour         | 4 |  4.0
Shields        | |  3.5

Action                     |  1- 3 |  4- 6 || total
---------------------------+-------+-------++-------
  Melee: War axe           |    83 |     5 ||    88
    Use: Scroll            |     7 |       ||     7
 Armour: Scale mail        |    28 |       ||    28
         Chain mail        |     5 |     2 ||     7
  Dodge: Dodged            |    27 |     1 ||    28
  Block: Buckler           |    13 |       ||    13
         Tower shield      |    16 |     3 ||    19
